 Dungeon Crawl Stone Soup version 0.29.0-15-g675c0067aa (webtiles) character file.

Game seed: 9679244314002219271

11 qw the Sneak (level 2, 0/19 HPs)
             Began as a Gargoyle Delver on Sept 11, 2022.
             Slain by a river rat (7 damage)
             ... on level 3 of the Dungeon.
             The game lasted 00:00:14 (334 turns).

qw the Sneak (Gargoyle Delver)                       Turns: 334, Time: 00:00:14

Health: 0/19       AC:  5    Str: 15    XL:     2   Next: 29%
Magic:  2/2        EV: 11    Int: 10    God:
Gold:   21         SH:  0    Dex: 11    Spells: 1/1 levels left

rFire   . . .      SeeInvis .   Y - +0 hand axe
rCold   . . .      Faith    .   (no shield)
rNeg    + . .      Spirit   .   b - +0 leather armour
rPois   inf        Reflect  .   (no helmet)
rElec   +          Harm     .   (no cloak)
rCorr   .          Rampage  .   (no gloves)
Will    .....                   (no boots)
Stlth   +++.......              (no amulet)
HPRegen 0.06/turn               (no ring)
MPRegen 0.08/turn               (no ring)

@: no status effects
A: sickness immunity, AC +2, negative energy resistance 1, electricity
resistance, torment resistance 1, petrification resistance
a: no special abilities


You were on level 3 of the Dungeon.
You visited 1 branch of the dungeon, and saw 3 of its levels.

You collected 21 gold pieces.


Innate Abilities, Weirdness & Mutations

You are immune to sickness and miasma.
Your stone body is resilient. (AC +2)
You are immune to poison.
You resist negative energy. (rN+)
You are resistant to electric shocks. (rElec)
You are resistant to unholy torment.
You are immune to petrification.


   Skills:
 - Level 3.2 Fighting
 + Level 2.6 Axes
 - Level 1.5 Dodging
 - Level 5.4 Stealth


You had one spell level left.
You didn't know any spells.
Your spell library was empty.

Inventory:

Hand Weapons
 d - a +0 club
 Y - a +0 hand axe (weapon)
Armour
 b - a +0 leather armour (worn)
Wands
 g - a wand of digging (3)
Scrolls
 a - 2 scrolls of identify {unknown}
Potions
 c - a potion of berserk rage {unknown}
 e - a potion of brilliance {unknown}
 f - a potion of haste
 h - a potion of lignification {unknown}

Dungeon Overview and Level Annotations

Branches:
Dungeon (5/15)
 Temple: D:4-7

Altars:


Message History

You hit the rat.
The rat is heavily wounded.
You closely miss the rat.
The rat is heavily wounded.
The rat closely misses you. The rat misses you. The rat bites you.
You hit the rat but do no damage.
The rat is heavily wounded.
You closely miss the rat. The rat closely misses you.
You hit the rat.
You kill the rat!
You hit the river rat but do no damage. The river rat completely misses you.
You barely miss the river rat. You closely miss the river rat.
The river rat barely misses you.
You barely miss the river rat. You hit the rat but do no damage.
The rat misses you. The river rat bites you. The rat bites you.
You hit the river rat.
The river rat is heavily wounded.
You completely miss the rat. The river rat closely misses you.
The rat closely misses you.
You hit the river rat but do no damage.
The river rat is heavily wounded.
You closely miss the rat. The river rat barely misses you.
The rat bites you but does no damage. The river rat bites you.
You closely miss the river rat.
The river rat is heavily wounded.
You hit the rat but do no damage. The rat bites you. The river rat misses you.
You hit the river rat but do no damage.
The river rat is heavily wounded.
You hit the rat.
You kill the rat!
The river rat bites you.
You hit the river rat.
The river rat is heavily wounded.
The river rat bites you!
You die...

~.~+ ~~~+ .~~~#
..~~# ...~~~
###....~~
#r%...... #@#
#.# #.#
.######.##
........>#####.#
.#.#####.......#
#.####### #.#
#.#


You could see a river rat.

Vanquished Creatures
  An orc (D:3)
  An endoplasm (D:3)
  A giant cockroach (D:3)
  A kobold (D:3)
  A quokka (D:3)
  A bat (D:3)
  5 rats (D:3)
11 creatures vanquished.

Notes
Turn   | Place    | Note
-------+----------+-------------------------------------------
     0 | D:5      | qw the Gargoyle Delver began the quest for the Orb.
     0 | D:5      | Reached XP level 1. HP: 14/14 MP: 1/1
     0 | D:5      | 0 ||| qw: Version: 0.1-a-117-gfe26ee0
     0 | D:5      | 0 ||| qw: Game counter: 9958
     0 | D:5      | 0 ||| qw: Always use a shield: true
     0 | D:5      | 0 ||| qw: God list: Okawaru
     0 | D:5      | 0 ||| qw: Allow faded altars: false
     0 | D:5      | 0 ||| qw: Do Orc after D:15 true
     0 | D:5      | 0 ||| qw: Do second Lair branch before Depths: true
     0 | D:5      | 0 ||| qw: Lair rune preference: random
     0 | D:5      | 0 ||| qw: Plans: Normal
     0 | D:5      | 0 ||| PLANNING D:1-11
     6 | D:5      | 6 ||| DROPPING scroll of fog.
     7 | D:5      | 7 ||| DROPPING scroll of magic mapping.
     8 | D:5      | 8 ||| DROPPING scroll of fear.
    14 | D:5      | Noticed a scorpion
    15 | D:5      | 15 ||| FLEEEEING.
    16 | D:5      | 16 ||| FLEEEEING.
    17 | D:5      | 17 ||| STAIRDANCE
    37 | D:4      | 37 ||| READING scroll labelled ODEKED OCSEAMN.
    43 | D:4      | 43 ||| FLEEEEING.
    44 | D:4      | 44 ||| FLEEEEING.
    45 | D:4      | 45 ||| STAIRDANCE
    47 | D:3      | 47 ||| PLANNING SEWER
   115 | D:3      | 115 ||| Stepping ~*~*~tactically~*~*~ (stealth).
   130 | D:3      | 130 ||| Stepping ~*~*~tactically~*~*~ (stealth).
   171 | D:3      | Reached XP level 2. HP: 19/19 MP: 2/2
   239 | D:3      | 239 ||| Stepping ~*~*~tactically~*~*~ (stealth).
   240 | D:3      | 240 ||| Stepping ~*~*~tactically~*~*~ (stealth).
   334 | D:3      | Slain by a river rat

Levels and vault maps discovered:
D:3:      layout_basic, grunt_temple_overflow_cloverleaf, portal_sewer_entry_e
D:4:      layout_rooms, nicolae_overflow_crystal_walls,
          mainiacjoe_overflow_boulevard, minmay_circle_x
D:5:      layout_basic, nemelex_spade_bored_becter, serial_shops, shop_statue,
          nicolae_take_the_stairs, uniq_duvessa

Skill      XL: |  1 |
---------------+----+-----
Axes           | 2 |  2.6
Fighting       | |  3.2
Dodging        | |  1.5
Stealth        | |  5.4

Action                   || total
-------------------------++-------
Melee: Hand axe          ||    30
  Use: Scroll            ||     1
Armor: Leather armour    ||     7
Dodge: Dodged            ||    16

Table legend:
 A = Non-vault XP
 B = Vault XP
 C = Vault XP percentage of total XP
 D = Non-vault monster count
 E = Vault monster count
 F = Vault count percentage of total count
                 A         B        C        D         E       F
            +---------+---------+-------+---------+---------+-------
      Total |      12 |       5 |  29.4 |       6 |       5 |  45.5
            +---------+---------+-------+---------+---------+-------
        D:3 |      12 |       5 |  29.4 |       6 |       5 |  45.5
            +---------+---------+-------+---------+---------+-------
